TOP OF THE 1ST |
Windy City ThunderBolts batting - Pitching for Columbus Reds : RHP Hugo Pirir
|
Pitching: RHP Hugo Pirir
|
|
Batting: RHB Joe Thomas
|
0-0: Foul Ball, location: 2F 0-1: Ball 1-1: Fly out, F7 (Flyball, 7S, EV 76.2 MPH)
|
Batting: RHB Eddie Dimas
|
0-0: Ball 1-0: Ball 2-0: Swinging Strike 2-1: Ground out 2-3 (Groundball, 2L, EV 76.2 MPH)
|
Batting: SHB Danny Gallegos
|
0-0: Called Strike 0-1: Ball 1-1: Ball 2-1: Fly out, F3 (Popup, 3SF, EV 85.6 MPH)
|
Top of the 1st over - 0 runs, 0 hits, 0 errors, 0 left on base; Windy City 0 - Columbus 0 |
BOTTOM OF THE 1ST |
Columbus Reds batting - Pitching for Windy City ThunderBolts : RHP Julio Plazas
|
Pitching: RHP Julio Plazas
|
|
Batting: RHB John Hopkins
|
0-0: Called Strike 0-1: Ball 1-1: Ball 2-1: Called Strike 2-2: Ball 3-2: Base on Balls
|
Batting: RHB Alex Nagera
|
0-0: Called Strike 0-1: Grounds into double play, 1-6-3 (Groundball, 13S, EV 65.6 MPH)
|
Batting: LHB Jamie Spangenberg
|
0-0: Called Strike 0-1: Foul Ball, location: 2F 0-2: Ground out 6-3 (Groundball, 6, EV 91.9 MPH)
|
Bottom of the 1st over - 0 runs, 0 hits, 0 errors, 0 left on base; Windy City 0 - Columbus 0 |
TOP OF THE 2ND |
Windy City ThunderBolts batting - Pitching for Columbus Reds : RHP Hugo Pirir
|
Batting: RHB Ricky Avila
|
0-0: Fly out, F8 (Flyball, 89S, EV 81.9 MPH)
|
Batting: RHB Nhat Phong
|
0-0: SINGLE (Groundball, 56D, EV 103.1 MPH)
|
Batting: RHB Miguel Pacheco
|
0-0: Fly out, F9 (Flyball, 9LM, EV 92.5 MPH)
|
Batting: RHB Dave Dominguez
|
0-0: Called Strike 0-1: Foul Ball, location: 2F 0-2: Strikes out looking
|
Top of the 2nd over - 0 runs, 1 hit, 0 errors, 1 left on base; Windy City 0 - Columbus 0 |
BOTTOM OF THE 2ND |
Columbus Reds batting - Pitching for Windy City ThunderBolts : RHP Julio Plazas
|
Batting: RHB Ruben Cantu
|
0-0: Foul Ball, location: 2F 0-1: Foul Ball, location: 2F 0-2: Ball 1-2: Strikes out swinging
|
Batting: LHB Mike Becerra
|
0-0: Called Strike 0-1: Foul Ball, location: 2F 0-2: Ball 1-2: Fly out, F8 (Flyball, 8LXD, EV 99.4 MPH)
|
Batting: RHB Emanuel Estrada
|
0-0: DOUBLE (Line Drive, 9LS, EV 91.9 MPH)
|
Batting: LHB Clint Hanninen
|
0-0: Called Strike 0-1: Ball 1-1: Ball 2-1: Ball 3-1: Foul Ball, location: 2F 3-2: Strikes out swinging
|
Bottom of the 2nd over - 0 runs, 1 hit, 0 errors, 1 left on base; Windy City 0 - Columbus 0 |
TOP OF THE 3RD |
Windy City ThunderBolts batting - Pitching for Columbus Reds : RHP Hugo Pirir
|
Batting: RHB Klaus Brown
|
0-0: Foul Ball, location: 2F 0-1: Ball 1-1: Foul Ball, location: 2F 1-2: Foul Ball, location: 2F 1-2: Ball 2-2: Foul Ball, location: 2F 2-2: Ball 3-2: Foul Ball, location: 2F 3-2: Strikes out swinging
|
Batting: RHB Sim Damit
|
0-0: Called Strike 0-1: Foul Ball, location: 2F 0-2: Ball 1-2: SINGLE (Groundball, 4S, EV 72.5 MPH) (infield hit)
|
Batting: RHB Joe Thomas
|
0-0: Fielders Choice at 2nd, 5-4 (Groundball, 5, EV 80.0 MPH)
|
Batting: RHB Eddie Dimas
|
0-0: Ball 1-0: Called Strike 1-1: Called Strike 1-2: Strikes out swinging
|
Top of the 3rd over - 0 runs, 1 hit, 0 errors, 1 left on base; Windy City 0 - Columbus 0 |
BOTTOM OF THE 3RD |
Columbus Reds batting - Pitching for Windy City ThunderBolts : RHP Julio Plazas
|
Batting: RHB Jimmy Geddes
|
0-0: Ball 1-0: Ball 2-0: Ball 3-0: Called Strike 3-1: Swinging Strike 3-2: Strikes out swinging
|
Batting: RHB Cornholdo Schwerin
|
0-0: Ball 1-0: Fly out, F9 (Line Drive, 89S, EV 98.8 MPH)
|
Batting: RHB John Hopkins
|
0-0: Called Strike 0-1: Ball 1-1: Foul Ball, location: 2F 1-2: Ball 2-2: Ball 3-2: Foul Ball, location: 2F 3-2: Strikes out swinging
|
Bottom of the 3rd over - 0 runs, 0 hits, 0 errors, 0 left on base; Windy City 0 - Columbus 0 |
TOP OF THE 4TH |
Windy City ThunderBolts batting - Pitching for Columbus Reds : RHP Hugo Pirir
|
Batting: SHB Danny Gallegos
|
0-0: Called Strike 0-1: Ball 1-1: Fly out, F3 (Popup, 3SF, EV 81.9 MPH)
|
Batting: RHB Ricky Avila
|
0-0: Ball 1-0: SINGLE (Groundball, 6MD, EV 100.6 MPH)
|
Batting: RHB Nhat Phong
|
0-0: Foul Ball, location: 2F 0-1: Fielders Choice at 2nd, 3-6 (Groundball, 3, EV 84.4 MPH)
|
Batting: RHB Miguel Pacheco
|
0-0: SINGLE (Line Drive, 9S, EV 105.6 MPH) Nhat Phong to second
|
Batting: RHB Dave Dominguez
|
0-0: Ball 1-0: Foul Ball, location: 2F 1-1: Ball 2-1: Ground out U3 (Groundball, 3L, EV 78.8 MPH)
|
Top of the 4th over - 0 runs, 2 hits, 0 errors, 2 left on base; Windy City 0 - Columbus 0 |
BOTTOM OF THE 4TH |
Columbus Reds batting - Pitching for Windy City ThunderBolts : RHP Julio Plazas
|
Batting: RHB Alex Nagera
|
0-0: Ball 1-0: Called Strike 1-1: Ball 2-1: Ball 3-1: Swinging Strike 3-2: Base on Balls
|
Batting: LHB Jamie Spangenberg
|
0-0: Foul Ball, location: 2F 0-1: Ball 1-1: Ball 2-1: Ball 3-1: Foul Ball, location: 2F 3-2: Strikes out looking
|
Batting: RHB Ruben Cantu
|
0-0: Called Strike 0-1: Foul Ball, location: 2F 0-2: Ball 1-2: Strikes out swinging
|
Batting: LHB Mike Becerra
|
0-0: Ball 1-0: Foul Ball, location: 2F 1-1: Ball 2-1: Foul Ball, location: 2F 2-2: Foul Ball, location: 2F 2-2: Ball 3-2: Strikes out looking
|
Bottom of the 4th over - 0 runs, 0 hits, 0 errors, 1 left on base; Windy City 0 - Columbus 0 |
TOP OF THE 5TH |
Windy City ThunderBolts batting - Pitching for Columbus Reds : RHP Hugo Pirir
|
Batting: RHB Klaus Brown
|
0-0: Swinging Strike 0-1: Ball 1-1: Swinging Strike 1-2: Ball 2-2: Strikes out swinging
|
Batting: RHB Sim Damit
|
0-0: Foul Ball, location: 2F 0-1: Ball 1-1: Called Strike 1-2: Foul Ball, location: 2F 1-2: Strikes out swinging
|
Batting: RHB Joe Thomas
|
0-0: Swinging Strike 0-1: Foul Ball, location: 2F 0-2: Ball 1-2: Ball 2-2: Strikes out looking
|
Top of the 5th over - 0 runs, 0 hits, 0 errors, 0 left on base; Windy City 0 - Columbus 0 |
BOTTOM OF THE 5TH |
Columbus Reds batting - Pitching for Windy City ThunderBolts : RHP Julio Plazas
|
Batting: RHB Emanuel Estrada
|
0-0: Foul Ball, location: 2F 0-1: Swinging Strike 0-2: Ball 1-2: SINGLE (Line Drive, 7S, EV 90.0 MPH)
|
Batting: LHB Clint Hanninen
|
0-0: Called Strike 0-1: Ball 1-1: Called Strike 1-2: Strikes out swinging
|
Batting: RHB Jimmy Geddes
|
0-0: Ball 1-0: Ball 2-0: Ball 3-0: Base on Balls Emanuel Estrada to second
|
Batting: RHB Cornholdo Schwerin
|
0-0: Foul Ball, location: 2F 0-1: Ball 1-1: Ball 2-1: Foul Ball, location: 2F 2-2: Ball 3-2: Foul Ball, location: 2F 3-2: Fly out, F7 (Line Drive, 7, EV 102.5 MPH)
|
Batting: RHB John Hopkins
|
0-0: Foul Ball, location: 2F 0-1: Fly out, F9 (Line Drive, 9LS, EV 94.4 MPH)
|
Bottom of the 5th over - 0 runs, 1 hit, 0 errors, 2 left on base; Windy City 0 - Columbus 0 |
TOP OF THE 6TH |
Windy City ThunderBolts batting - Pitching for Columbus Reds : RHP Hugo Pirir
|
Batting: RHB Eddie Dimas
|
0-0: Called Strike 0-1: Ball 1-1: Ball 2-1: Foul Ball, location: 2F 2-2: Foul Ball, location: 2F 2-2: Strikes out swinging
|
Batting: SHB Danny Gallegos
|
0-0: Ball 1-0: Called Strike 1-1: Ball 2-1: Foul Ball, location: 2F 2-2: Ball 3-2: Base on Balls
|
Batting: RHB Ricky Avila
|
0-0: Fly out, F8 (Flyball, 8LM, EV 84.4 MPH)
|
Batting: RHB Nhat Phong
|
0-0: Ball Danny Gallegos steals 2nd base 1-0: Foul Ball, location: 2F 1-1: Called Strike 1-2: Ball 2-2: Ball 3-2: Base on Balls
|
Batting: RHB Miguel Pacheco
|
0-0: Swinging Strike 0-1: Ball 1-1: Foul Ball, location: 2F 1-2: Ground out 4-3 (Groundball, 34, EV 88.1 MPH)
|
Top of the 6th over - 0 runs, 0 hits, 0 errors, 2 left on base; Windy City 0 - Columbus 0 |
BOTTOM OF THE 6TH |
Columbus Reds batting - Pitching for Windy City ThunderBolts : RHP Julio Plazas
|
Batting: RHB Alex Nagera
|
0-0: Foul Ball, location: 2F 0-1: Foul Ball, location: 2F 0-2: Ball 1-2: Ground out U3 (Groundball, 3, EV 77.5 MPH)
|
Batting: LHB Jamie Spangenberg
|
0-0: Ball 1-0: Ball 2-0: Foul Ball, location: 2F 2-1: Ground out 3-1 (Groundball, 34, EV 105.0 MPH)
|
Batting: RHB Ruben Cantu
|
0-0: Called Strike 0-1: Ball 1-1: Called Strike 1-2: Strikes out swinging
|
Bottom of the 6th over - 0 runs, 0 hits, 0 errors, 0 left on base; Windy City 0 - Columbus 0 |
TOP OF THE 7TH |
Windy City ThunderBolts batting - Pitching for Columbus Reds : RHP Hugo Pirir
|
Batting: RHB Dave Dominguez
|
0-0: Ball 1-0: Ground out 6-3 (Groundball, 6S, EV 71.2 MPH)
|
Batting: RHB Klaus Brown
|
0-0: Ball 1-0: Ball 2-0: Ball 3-0: Base on Balls
|
Batting: RHB Sim Damit
|
0-0: Ball Passed Ball! Klaus Brown to second 1-0: Ball 2-0: Swinging Strike 2-1: Ground out 5-3 (Groundball, 56S, EV 82.5 MPH)
|
Batting: RHB Joe Thomas
|
0-0: Called Strike 0-1: Ball 1-1: Foul Ball, location: 2F 1-2: Ball 2-2: Foul Ball, location: 2F 2-2: Ball 3-2: Base on Balls
|
Pitching: RHP Toyohiro Nakagawa
|
|
Batting: RHB Eddie Dimas
|
0-0: Called Strike 0-1: Called Strike 0-2: Ball 1-2: Foul Ball, location: 2F 1-2: Fielders Choice at 2nd, 5-4 (Groundball, 5, EV 86.2 MPH)
|
Top of the 7th over - 0 runs, 0 hits, 0 errors, 2 left on base; Windy City 0 - Columbus 0 |
BOTTOM OF THE 7TH |
Columbus Reds batting - Pitching for Windy City ThunderBolts : RHP Julio Plazas
|
Batting: LHB Mike Becerra
|
0-0: Called Strike 0-1: Swinging Strike 0-2: Foul Ball, location: 2F 0-2: Ball 1-2: Ball 2-2: Strikes out swinging
|
Pitching: RHP Frank Lankford
|
|
Pinch Hitting: RHB Ed Santibanez
|
0-0: Swinging Strike 0-1: Ground out 6-3 (Groundball, 6, EV 102.5 MPH)
|
Batting: LHB Clint Hanninen
|
0-0: Ball 1-0: Ball 2-0: Ball 3-0: Called Strike 3-1: Called Strike 3-2: SINGLE (Groundball, 56S, EV 74.4 MPH) (infield hit)
|
Pinch Hitting: LHB Armando Arellano
|
0-0: Ball Clint Hanninen is caught stealing 2nd base 2-6
|
Bottom of the 7th over - 0 runs, 1 hit, 0 errors, 0 left on base; Windy City 0 - Columbus 0 |
TOP OF THE 8TH |
Windy City ThunderBolts batting - Pitching for Columbus Reds : RHP Toyohiro Nakagawa
|
Now at 1B: Rodrigo Samano
|
|
Now in LF: Alex Ruybalid
|
|
Batting: SHB Danny Gallegos
|
0-0: Ball 1-0: Swinging Strike 1-1: Ball 2-1: Ball 3-1: Fly out, F8 (Flyball, 8LS, EV 83.1 MPH)
|
Batting: RHB Ricky Avila
|
0-0: Foul Ball, location: 2F 0-1: Called Strike 0-2: Ball 1-2: Ground out 5-3 (Groundball, 56S, EV 90.6 MPH)
|
Pinch Hitting: RHB Donovan Deason
|
0-0: Called Strike 0-1: Foul Ball, location: 2F 0-2: Foul Ball, location: 2F 0-2: SINGLE (Groundball, 13, EV 86.9 MPH) (infield hit)
|
Pinch Hitting: RHB Camillo Bonauiti
|
0-0: Ball 1-0: Ball 2-0: Called Strike 2-1: Foul Ball, location: 2F 2-2: Strikes out swinging
|
Top of the 8th over - 0 runs, 1 hit, 0 errors, 1 left on base; Windy City 0 - Columbus 0 |
BOTTOM OF THE 8TH |
Columbus Reds batting - Pitching for Windy City ThunderBolts : RHP Frank Lankford
|
Now at 1B: Camillo Bonauiti
|
|
Now at 3B: Donovan Deason
|
|
Pinch Hitting: SHB Sal Esparza
|
0-0: Ball 1-0: Ball 2-0: Fly out, F8 (Line Drive, 8LD, EV 96.2 MPH)
|
Batting: RHB Cornholdo Schwerin
|
0-0: Called Strike 0-1: Ball 1-1: Foul Ball, location: 2F 1-2: Strikes out swinging
|
Batting: RHB John Hopkins
|
0-0: Foul Ball, location: 2F 0-1: Ball 1-1: SINGLE (Line Drive, 78S, EV 93.1 MPH)
|
Batting: RHB Alex Nagera
|
0-0: Called Strike 0-1: Ball 1-1: Foul Ball, location: 2F 1-2: Fielders Choice at 2nd, 5-4 (Groundball, 56, EV 101.2 MPH)
|
Bottom of the 8th over - 0 runs, 1 hit, 0 errors, 1 left on base; Windy City 0 - Columbus 0 |
TOP OF THE 9TH |
Windy City ThunderBolts batting - Pitching for Columbus Reds : RHP Toyohiro Nakagawa
|
Now in LF: Jamel Wilhite
|
|
Batting: RHB Dave Dominguez
|
0-0: Ball 1-0: Foul Ball, location: 2F 1-1: Swinging Strike 1-2: Ball 2-2: Strikes out swinging
|
Batting: RHB Klaus Brown
|
0-0: Called Strike 0-1: Ball 1-1: Foul Ball, location: 2F 1-2: Ball 2-2: Ball 3-2: Foul Ball, location: 2F 3-2: Base on Balls
|
Batting: RHB Sim Damit
|
0-0: Called Strike 0-1: Ball 1-1: Ball 2-1: Ball 3-1: Foul Ball, location: 2F 3-2: Base on Balls Klaus Brown to second
|
Pitching: RHP Eudaldo Cuyco
|
|
Batting: RHB Joe Thomas
|
0-0: Grounds into double play, 6-4-3 (Groundball, 6, EV 103.1 MPH)
|
Top of the 9th over - 0 runs, 0 hits, 0 errors, 1 left on base; Windy City 0 - Columbus 0 |
BOTTOM OF THE 9TH |
Columbus Reds batting - Pitching for Windy City ThunderBolts : RHP Frank Lankford
|
Pitching: LHP Dave Fairn
|
|
Batting: LHB Jamie Spangenberg
|
0-0: Ball 1-0: Foul Ball, location: 2F 1-1: Ball 2-1: Foul Ball, location: 2F 2-2: Ground out 4-3 (Groundball, 4, EV 109.4 MPH)
|
Batting: RHB Ruben Cantu
|
0-0: Called Strike 0-1: Ball 1-1: Swinging Strike 1-2: Foul Ball, location: 2F 1-2: Ball 2-2: Ball 3-2: Strikes out swinging
|
Batting: LHB Mike Becerra
|
0-0: Called Strike 0-1: Swinging Strike 0-2: Strikes out swinging
|
Bottom of the 9th over - 0 runs, 0 hits, 0 errors, 0 left on base; Windy City 0 - Columbus 0 |
TOP OF THE 10TH |
Windy City ThunderBolts batting - Pitching for Columbus Reds : RHP Eudaldo Cuyco
|
Batting: RHB Eddie Dimas
|
0-0: Called Strike 0-1: Ball 1-1: Ball 2-1: Fly out, F9 (Flyball, 9D, EV 78.8 MPH)
|
Batting: SHB Danny Gallegos
|
0-0: Ball 1-0: Ball 2-0: Foul Ball, location: 2F 2-1: Foul Ball, location: 2F 2-2: Ball 3-2: Base on Balls
|
Batting: RHB Ricky Avila
|
0-0: Ball 1-0: Grounds into double play, 5-4-3 (Groundball, 5L, EV 86.2 MPH)
|
Top of the 10th over - 0 runs, 0 hits, 0 errors, 0 left on base; Windy City 0 - Columbus 0 |
BOTTOM OF THE 10TH |
Columbus Reds batting - Pitching for Windy City ThunderBolts : LHP Dave Fairn
|
Batting: LHB Rodrigo Samano
|
0-0: Ball 1-0: SINGLE (Line Drive, 8LS, EV 100.0 MPH)
|
Batting: LHB Clint Hanninen
|
0-0: Called Strike 0-1: Bunt missed! 0-2: Ball 1-2: Ball 2-2: Ball 3-2: Foul Ball, location: 2F 3-2: Strikes out looking
|
Batting: LHB Jamel Wilhite
|
0-0: Ball 1-0: Called Strike 1-1: Foul Ball, location: 2F 1-2: Ball 2-2: Ball 3-2: Strikes out swinging
|
Pitching: RHP Bin Li
|
|
Pinch Hitting: RHB Nick Partain
|
0-0: Called Strike 0-1: Foul Ball, location: 2F 0-2: Foul Ball, location: 2F 0-2: Ball 1-2: Ball 2-2: Strikes out swinging
|
Bottom of the 10th over - 0 runs, 1 hit, 0 errors, 1 left on base; Windy City 0 - Columbus 0 |
TOP OF THE 11TH |
Windy City ThunderBolts batting - Pitching for Columbus Reds : RHP Eudaldo Cuyco
|
Now in CF: Nick Partain
|
|
Batting: RHB Donovan Deason
|
0-0: SINGLE (Groundball, 4D, EV 99.4 MPH)
|
Batting: RHB Camillo Bonauiti
|
0-0: Ball 1-0: Ball 2-0: Called Strike 2-1: Foul Ball, location: 2F 2-2: Ball 3-2: Foul Ball, location: 2F 3-2: Strikes out swinging
|
Batting: RHB Dave Dominguez
|
0-0: Ball 1-0: Fly out, F8 (Flyball, 8LD, EV 83.1 MPH)
|
Batting: RHB Klaus Brown
|
0-0: Ball Pickoff Throw to First - Out! 1-3
|
Top of the 11th over - 0 runs, 1 hit, 0 errors, 0 left on base; Windy City 0 - Columbus 0 |
BOTTOM OF THE 11TH |
Columbus Reds batting - Pitching for Windy City ThunderBolts : RHP Bin Li
|
Batting: RHB John Hopkins
|
0-0: Foul Ball, location: 2F 0-1: Foul Ball, location: 2F 0-2: Strikes out swinging
|
Batting: RHB Alex Nagera
|
0-0: Ball 1-0: Ball 2-0: Ball 3-0: Base on Balls
|
Pitching: LHP Tony Jaime
|
|
Batting: LHB Jamie Spangenberg
|
0-0: Swinging Strike 0-1: Ball 1-1: Foul Ball, location: 2F 1-2: SINGLE (Groundball, 4MD, EV 94.4 MPH) Alex Nagera to second
|
Batting: RHB Ruben Cantu
|
0-0: Ball 1-0: Foul Ball, location: 2F 1-1: Ball 2-1: Ball 3-1: Called Strike 3-2: Base on Balls Alex Nagera to third Jamie Spangenberg to second
|
Batting: LHB Mike Becerra
|
0-0: Ball 1-0: Ball 2-0: Called Strike 2-1: Called Strike 2-2: Fly out, F8 (Flyball, 8RXD, EV 90.0 MPH) Runner from 3rd tags up, SCORES, no throw by CF
|
Bottom of the 11th over - 1 run, 1 hit, 0 errors, 2 left on base; Windy City 0 - Columbus 1 |
|